 Dungeon Crawl Stone Soup version 0.15.0-8-gb109cf8 (webtiles) character file.

933 Patate the Chopper (level 7, -4/64 HPs)
             Began as a Minotaur Berserker on Aug 30, 2014.
             Was a Priest of Trog.
             Killed by divine providence
             ... invoked by an orc priest
              (16 damage)
             ... on Level 5 of the Dungeon.
             The game lasted 00:33:26 (4465 turns).

Patate the Chopper (Minotaur Berserker)             Turns: 4465, Time: 00:33:27

HP  -4/64        AC  7     Str 24      XL: 7   Next: 86%
MP   3/3         EV  8     Int  7      God: Trog [***...]
Gold 199         SH 12     Dex  9      Spells:  0 memorised,  6 levels left

rFire  . . .     SeeInvis .     a - +0 hand axe
rCold  + . .     Clarity  .     h - +0 ring mail (curse)
rNeg   . . .     rCorr    .     g - +2 shield {rC+}
rPois  .         rRot     .     (helmet restricted)
rElec  .         Spirit   .     (no cloak)
SustAb .         Warding  .     (no gloves)
rMut   .         Stasis   .     e - +0 pair of boots
Gourm  .                        (no amulet)
MR     ++...                    (no ring)
                                i - +3 ring of intelligence

@: regenerating, very resistant to hostile enchantments, extremely unstealthy
A: retaliatory headbutt, horns 2
a: Burn Spellbooks, Berserk, Trog's Hand, Renounce Religion


You were on level 5 of the Dungeon.
You worshipped Trog.
Trog was most pleased with you.
You were near starving.

You visited 2 branches of the dungeon, and saw 6 of its levels.

You collected 199 gold pieces.

Inventory:

Hand weapons
 a - a +0 hand axe (weapon)
Armour
 e - a +0 pair of boots (worn)
 g - a +2 shield of cold resistance (worn)
 h - a cursed +0 ring mail (worn)
 m - a +0 chain mail
Magical devices
 l - a wand of slowing (5)
Comestibles
 c - 3 bread rations
 f - 3 meat rations
Scrolls
 d - 7 scrolls of identify
 j - a scroll of magic mapping {unknown}
 p - a scroll of blinking
 q - 4 scrolls of teleportation
Jewellery
 i - a +3 ring of intelligence (left hand)
Potions
 b - a potion of porridge
 k - a potion of restore abilities
 s - a potion of heal wounds
 t - a potion of brilliance


   Skills:
 - Level 6.9 Fighting
 + Level 7.0 Axes
 - Level 4.3 Armour
 - Level 2.1 Dodging
 - Level 5.4 Shields


You had 6 spell levels left.
You didn't know any spells.

Dungeon Overview and Level Annotations

Branches:
Dungeon (5/15)             Temple (1/1) D:4

Altars:
Ashenzari
Cheibriados
Dithmenos
Kikubaaqudgha
Makhleb
Nemelex Xobeh
Qazlal
Sif Muna
Vehumet
Xom
Yredelemnul
Zin


Innate Abilities, Weirdness & Mutations

You reflexively headbutt those who attack you in melee.
You have a pair of horns on your head.


Message History

The worker ant is heavily wounded.
You block the worker ant's attack.
The orc priest prays to Beogh.
You feel troubled. The worker ant barely misses you. You furiously retaliate!
You headbutt the worker ant. You hit the worker ant.
Your headbutt misses the worker ant.
The worker ant is almost dead.
You block the worker ant's attack.
You closely miss the worker ant. You headbutt the worker ant.
You kill the worker ant!
Trog accepts your kill.
Your Axes skill increases to level 7!
The orc priest mumbles some strange prayers to Beogh against you.
Something smites you!
* * * LOW HITPOINT WARNING * * *
You hit the orc priest.
The orc priest is lightly wounded.
The orc priest calls down the wrath of Beogh upon you.
Something smites you!
You die...

#####.########
#.............
#...).########.##
#...>.'..........
#.....##.#####+####
#.....##.##........
#.
#.....##.##........
..
#.....##)##....?....
####+###.@o.........
####......... #(
##....... #+ .......
....... .###+# .# .#
.


You could see an orc priest.

Vanquished Creatures
  Edmund (D:4)
  2 ogres (D:4)
  Blork the orc (D:4)
  A scorpion (D:4)
  An iguana (D:4)
  2 orc priests
  A gnoll shaman (D:4)
  A hound (D:3)
  A giant frog skeleton (D:4)
  An orc wizard (D:4)
  3 worker ants
  Ijyb (D:4)
  Jessica (D:3)
  6 gnolls (D:4)
  9 adders
  A giant mite (D:4)
  2 worms
  2 giant geckos (D:1)
  2 oozes
  8 orcs
  3 giant cockroaches
  10 goblins
  6 hobgoblins
  7 kobolds
  A quokka (D:3)
  2 ball pythons
  4 bats
  5 giant newts
  2 hobgoblin skeletons
  11 rats
98 creatures vanquished.

Notes
Turn   | Place    | Note
--------------------------------------------------------------
     0 | D:1      | Patate, the Minotaur Berserker, began the quest for the Orb.
     0 | D:1      | Reached XP level 1. HP: 19/19 MP: 1/1
   199 | D:1      | Reached skill level 4 in Fighting
   284 | D:1      | Reached XP level 2. HP: 22/27 MP: 1/1
   793 | D:2      | Acquired Trog's second power
  1062 | D:2      | Reached XP level 3. HP: 30/34 MP: 2/2
  1787 | D:3      | Found a burning altar of Makhleb.
  1789 | D:3      | Found a glowing silver altar of Zin.
  1792 | D:3      | Noticed an angel
  1792 | D:3      | Noticed a cacodemon
  1916 | D:3      | Reached skill level 5 in Fighting
  1917 | D:3      | Reached XP level 4. HP: 39/42 MP: 2/2
  2083 | D:3      | Noticed Jessica
  2091 | D:3      | Killed Jessica
  2310 | D:4      | Reached XP level 5. HP: 30/50 MP: 2/2
  2346 | D:4      | Noticed an ogre
  2439 | D:4      | Reached skill level 5 in Axes
  2471 | D:4      | Reached skill level 6 in Fighting
  2642 | D:4      | Reached XP level 6. HP: 6/58 MP: 3/3
  2857 | D:4      | Found a basalt altar of Yredelemnul.
  2886 | D:4      | Noticed a scorpion
  2894 | D:4      | Killed a scorpion
  3118 | D:4      | Found a staircase to the Ecumenical Temple.
  3124 | Temple   | Entered the Ecumenical Temple
  3387 | D:4      | Noticed Edmund
  3399 | D:4      | Killed Edmund
  3399 | D:4      | Reached XP level 7. HP: 52/64 MP: 3/3
  3584 | D:4      | Killed an ogre
  3623 | D:4      | Noticed Blork the orc
  3642 | D:4      | Killed Blork the orc
  3642 | D:4      | Reached skill level 5 in Shields
  3812 | D:4      | Found a snail-covered altar of Cheibriados.
  3968 | D:4      | Noticed Ijyb
  3985 | D:4      | Killed Ijyb
  4338 | D:5      | Entered Level 5 of the Dungeon
  4426 | D:5      | Got a crude dagger
  4464 | D:5      | Reached skill level 7 in Axes
  4465 | D:5      | Killed from afar by an orc priest

Action                   |  1- 3 |  4- 6 |  7- 9 || total
-------------------------+-------+-------+-------++-------
Melee: Hand axe          |    92 |   124 |   104 ||   320
Invok: Berserk           |       |     1 |       ||     1
       Trog's Hand       |       |       |     1 ||     1
  Use: Potion            |     6 |       |       ||     6
       Scroll            |       |       |     5 ||     5
  Eat: Chunk             |     3 |     5 |     3 ||    11
